 Dungeon Crawl Stone Soup version 0.30.1-3-gfc49f6343a (webtiles) character file.

Game seed: 8841035035845186720

3238 101zpm the Thaumaturge (level 10, -4/60 HPs)
             Began as a Djinni Fire Elementalist on July 27, 2023.
             Slain by a yak (11 damage)
             ... on level 9 of the Dungeon.
             The game lasted 00:25:44 (7963 turns).

101zpm the Thaumaturge (Djinni Fire Elementalist)   Turns: 7963, Time: 00:25:45

Health: -4/60      AC:  7    Str:  7    XL:     10   Next: 18%
Gold:   358        EV: 12    Int: 21    God:
                   SH:  5    Dex: 14

rFire   + + .        (no weapon)
rCold   x . .        (no shield)
rNeg    . . .        a - +0 robe
rPois   ∞            (no helmet)
rElec   .            i - +0 cloak
rCorr   .            (no gloves)
SInv    .            (boots unavailable)
Will    ++...        y - amulet of reflection
Stlth   ++           f - +4 ring of protection
HPRegen 0.30/turn    p - ring of willpower
MPRegen 0.00/turn

%: reflection, infuse magic (-5 HP)
@: flying
A: sickness immunity, fire resistance 2, cold vulnerability 1, float, innate
caster, HP casting, extra vitality 1
a: no special abilities


You were on level 9 of the Dungeon.
You visited 2 branches of the dungeon, and saw 10 of its levels.

You collected 397 gold pieces.
You spent 39 gold pieces at shops.

Inventory:

Missiles
 G - a throwing net
Armour
 a - a +0 robe (worn)
 i - a +0 cloak (worn)
Jewellery
 f - a +4 ring of protection (left hand)
 p - a ring of willpower (right hand)
 y - an amulet of reflection (around neck)
Wands
 w - a wand of paralysis (10)
 x - a wand of digging (4)
 z - a wand of flame (25)
Scrolls
 b - a scroll of torment {unknown}
 c - 7 scrolls of identify {unknown}
 d - 3 scrolls of noise {unknown}
 j - a scroll of vulnerability {unknown}
 l - 7 scrolls of immolation {unknown}
 o - a scroll of enchant weapon {unknown}
 r - a scroll of magic mapping {unknown}
 s - 3 scrolls of blinking {unknown}
 t - 6 scrolls of teleportation
 A - a scroll of amnesia {unknown}
 B - 3 scrolls of poison {unknown}
 C - a scroll of summoning {unknown}
Potions
 e - 6 potions of curing {unknown}
 g - 2 potions of lignification {unknown}
 h - a potion of ambrosia {unknown}
 k - 7 potions of brilliance {unknown}
 m - 2 potions of haste {unknown}
 n - a potion of degeneration {unknown}
 q - 4 potions of heal wounds {unknown}
 u - a potion of magic {unknown}
 v - 2 potions of attraction {unknown}
 D - 2 potions of might {unknown}
 E - a potion of flight {unknown}
 F - a potion of berserk rage {unknown}


   Skills:
 + Level 2.7 Dodging
 + Level 3.2 Stealth
 + Level 0.1 Shields
 + Level 10.5 Spellcasting


You knew the following spells:

 Your Spells              Type           Power      Damage    Failure   Level
a - Foxfire               Conj/Fire      100%       2x1d9     1%          1
b - Scorch                Fire           100%       2d9       1%          2
c - Volatile Blastmotes   Fire/Tloc      100%       2d18      1%          3
d - Inner Flame           Hex/Fire       53%        N/A       1%          3
e - Flame Wave            Conj/Fire      53%        2d13      1%          4
f - Slow                  Hex            100%       N/A       1%          1
g - Passwall              Tmut/Erth      44%        N/A       1%          2
h - Blink                 Tloc           100%       N/A       1%          2
i - Summon Lightning Spi  Summ/Air       53%        N/A       1%          4
Your spell library was empty.

Dungeon Overview and Level Annotations

Branches:
Dungeon (9/15)             Temple (1/1) D:7
   Lair: D:8-11         Orc: D:9-12

Altars:
Dithmenos
Elyvilon
Fedhas
Gozag
Hepliaklqana
Makhleb
Okawaru
Uskayaw
Yredelemnul
Zin
The Shining One

Shops:
D:1 =   D:7 *

Annotations:
D:5 2 runed translucent doors


Innate Abilities, Weirdness & Mutations

You are immune to sickness and miasma.
You are immune to poison.
Your flesh is very heat resistant. (rF++)
You are vulnerable to cold. (rC-)
You float through the air rather than walking.
You learn spells naturally, not from books.
Your magical power is your life essence.
You have superior vitality. (+4 MHP)


Message History

Press: ? - help, Q - select action, (/) - cycle Dir - look around, f - activate You conjure some foxfire!
The yak bellows!
* * * LOW HITPOINT WARNING * * *
Casting: Foxfire (safe; 1% risk of failure)
Confirm with . or Enter, or press ? or * to list all spells.
Flames lash the yak.
Flame seeps out of the yak.
The yak is moderately wounded.
The yak's fire resistance burns away.
* * * LOW HITPOINT WARNING * * *
The foxfire hits the yak.
The yak is burned terribly!
Flame seeps out of the yak.
The yak is moderately wounded.
The foxfire hits the yak.
The yak is burned terribly!
Flame seeps out of the yak.
The yak is heavily wounded.
The yak is engulfed in blazing flames.
Flame seeps out of the yak.
Casting: Scorch (safe; 1% risk of failure)
Confirm with . or Enter, or press ? or * to list all spells.
Flames lash the yak.
The yak is burned terribly!
* * * LOW HITPOINT WARNING * * *
The yak explodes!
There is a stone staircase leading up here.
You see here a +0 club.
Casting: Scorch (safe; 1% risk of failure)
Confirm with . or Enter, or press ? or * to list all spells.
Aiming: Inner Flame (safe; 1% risk of failure)
Press: ? - help, Dir - move target, f - yak
Aim: a yak (chance to affect: 94%)
The yak is filled with an inner flame.
* * * LOW HITPOINT WARNING * * *
Casting: Inner Flame (safe; 1% risk of failure)
Confirm with . or Enter, or press ? or * to list all spells.
Flames lash the yak.
Flame seeps out of the yak.
The yak is moderately wounded.
The yak's fire resistance burns away.
* * * LOW HITPOINT WARNING * * *
The yak is engulfed in blazing flames.
Flame seeps out of the yak.
The yak gores you!
You die...

...<# ........)..P.....#####..
...h.# ..........P..(..## #.#..
.##....
......).)..P....####.#..
#............).....♣P..##......
##...........§)....P♣..###.....
.........Y§§§..).....##......
..........○.§)...............
..........YY.####........##..
...:...@..#.............
..........#.....#......#
................#.......
.............)...........
..............)....#.#..
............)......###..
............##.....#....
.....#.............#...#
.##.#.........##..#..#


You could see 3 yaks.

Vanquished Creatures
  A deep elf pyromancer (D:9)
  Prince Ribbit (D:7)
  A wraith (D:9)
  A yak (D:9)
  Edmund (D:5)
  An acid dragon (D:8)
  A water moccasin (D:9)
  2 sky beasts (D:7)
  A black bear (D:6)
  An ogre (D:4)
  A phantom (D:6)
  2 kobold brigands
  4 scorpions (D:6)
  3 bullfrogs
  A gnoll sergeant (D:9)
  4 howler monkeys
  3 hounds
  2 orc priests
  A jelly (D:7)
  5 iguanas
  A sleepcap (D:6)
  6 orc wizards
  9 gnolls
  7 adders
  2 worms (D:2)
  A dart slug (D:1)
  18 orcs
  9 endoplasms
  5 giant cockroaches
  3 goblins
  10 hobgoblins
  16 kobolds
  2 quokkas
  8 ball pythons
  6 bats
  2 frilled lizards (D:1)
  3 rats (D:1)
145 creatures vanquished.

Vanquished Creatures (collateral kills)
  A kobold brigand (D:9)
  A kobold (D:9)
  20 foxfires (D:9)
22 creatures vanquished.

Vanquished Creatures (others)
  438 foxfires
438 creatures vanquished.

Grand Total: 605 creatures vanquished

Notes
Turn   | Place    | Note
-------+----------+-------------------------------------------
     0 | D:1      | 101zpm the Djinni Fire Elementalist began the quest for the
                  | Orb.
     0 | D:1      | 101zpm set off with the following spells memorised:
                  | Foxfire, Scorch, Volatile Blastmotes, Inner Flame, Flame
                  | Wave.
     0 | D:1      | Reached XP level 1. HP: 15/15 MP: 0/0
   116 | D:1      | Reached XP level 2. HP: 18/21 MP: 0/0
   331 | D:1      | You are sucked into a shaft and drop 1 floor!
   385 | D:2      | Reached skill level 3 in Spellcasting
   441 | D:2      | Reached XP level 3. HP: 22/25 MP: 0/0
   441 | D:2      | Learned a level 1 spell: Slow
  1289 | D:3      | Reached XP level 4. HP: 28/31 MP: 0/0
  1769 | D:1      | Found Reny's Jewellery Shop.
  2035 | D:1      | Found a faded altar of an unknown god.
  2601 | D:4      | Reached skill level 4 in Spellcasting
  2601 | D:4      | Reached XP level 5. HP: 26/35 MP: 0/0
  2601 | D:4      | Learned a level 2 spell: Passwall
  3491 | D:4      | Reached XP level 6. HP: 35/40 MP: 0/0
  3826 | D:4      | Noticed an ogre
  3831 | D:4      | Killed an ogre
  3832 | D:4      | Reached skill level 5 in Spellcasting
  4277 | D:5      | Entered Level 5 of the Dungeon
  4352 | D:5      | Found a large runed translucent door.
  4353 | D:5      | Found a large runed translucent door.
  4463 | D:5      | Reached XP level 7. HP: 39/45 MP: 0/0
  4463 | D:5      | Learned a level 2 spell: Blink
  4640 | D:5      | Noticed Edmund
  4644 | D:5      | Killed Edmund
  4662 | D:5      | Reached skill level 6 in Spellcasting
  5132 | D:6      | Reached XP level 8. HP: 5/50 MP: 0/0
  5418 | D:6      | Identified the +6 short sword "Diatz" {freeze, Fragile Fly
                  | rN+}
  5422 | D:6      | Reached skill level 7 in Spellcasting
  6311 | D:7      | Found a staircase to the Ecumenical Temple.
  6317 | Temple   | Entered the Ecumenical Temple
  6591 | D:7      | Reached skill level 8 in Spellcasting
  6688 | D:7      | Found Daqanlue's General Store.
  6695 | D:7      | Reached XP level 9. HP: 47/55 MP: 0/0
  6695 | D:7      | Learned a level 4 spell: Summon Lightning Spire
  6828 | D:7      | Noticed Prince Ribbit
  6836 | D:7      | Killed Prince Ribbit
  7234 | D:7      | Bought a scroll of teleportation for 39 gold pieces
  7298 | D:8      | Reached skill level 9 in Spellcasting
  7640 | D:9      | Noticed a deep elf pyromancer
  7645 | D:9      | Killed a deep elf pyromancer
  7707 | D:9      | Reached skill level 10 in Spellcasting
  7719 | D:9      | Reached XP level 10. HP: 43/60 MP: 0/0
  7963 | D:9      | Slain by a yak

Illustrated notes

Levels and vault maps discovered:
D:1:      eino_arrival_water_star, layout_loops_corners, serial_forest,
          infiniplex_forest_lined_room_2, infiniplex_forest_clump_diagonal,
          infiniplex_forest_straight_4, infiniplex_forest_lined_room_,
          infiniplex_forest_clump_double, infiniplex_forest_corner_1,
          infiniplex_forest_zigzag_1, ebering_ecumenical_altar_rust,
          serial_shops, shop, chequers_hall_statues_wall_a,
          minmay_misc_feat_encased, minmay_misc_feat_tower, minmay_misc_feat_chi
D:2:      layout_loops_ring, nicolae_elevator_lobby_plus
D:3:      layout_loops_ring, minmay_fountain_box
D:4:      layout_basic, amcnicky_mini_rare_corridor_liquid, grunt_tough_drop
D:5:      layout_layer_cave, jmf_multi_god_temple2, uniq_edmund
D:6:      layout_basic, minmay_fractal_squares_diagonal_5
D:7:      layout_loops_cross, temple_green, serial_shops, nicolae_shop_stone,
          uniq_prince_ribbit1
D:8:      layout_loops_ring, nemelex_xobeh_ov_fountains_minmay,
          grunt_temple_overflow_open, hex_medium, uniq_joseph, uniq_psyche
D:9:      layout_cave_pools, ashenzari_conservatory_becter, slow_altar_1,
          nicolae_ru_great_annihilating_truth, serial_shops, shop, serial_park,
          serial_park_tiny_pond, serial_park_tiny_pond, serial_park_square3
          [serial_park_minivault_5x5_6], serial_park_tiny_pond,
          serial_park_gazebo [serial_park_minivault_5x5_5], amethyst_killhole
Temple:   eino_temple_water

Skill      XL: |  1  2  3  4  5  6  7  8  9 |
---------------+----------------------------+-----
Spellcasting   | 3 4 5 6 8 10 | 10.5
Stealth        | 2 3 |  3.2
Dodging        | |  2.7
Shields        | |  0.1

Action                     |  1- 3 |  4- 6 |  7- 9 | 10-12 || total
---------------------------+-------+-------+-------+-------++-------
   Cast: Foxfire           |    72 |    56 |   115 |    32 ||   275
         Scorch            |    14 |    38 |    37 |     6 ||    95
         Inner Flame       |       |    31 |    37 |    15 ||    83
         Volatile Blastmot |       |     1 |     2 |       ||     3
         Blink             |       |       |     4 |       ||     4
         Summon Lightning  |       |       |     4 |       ||     4
 Armour: Robe              |       |     4 |     1 |       ||     5
  Dodge: Dodged            |     3 |    12 |     8 |     2 ||    25
  Block: Other             |       |       |     2 |       ||     2
